 Dungeon Crawl Stone Soup version 0.23-a0-171-g5ae17c6 (webtiles) character file.

644 Ijustatesigmund the Sneak (level 7, -2/50 HPs)
             Began as an Octopode Assassin on Sept 13, 2018.
             Slain by a sky beast (3 damage)
             ... on level 5 of the Dungeon.
             The game lasted 00:11:14 (3851 turns).

Ijustatesigmund the Sneak (Octopode Assassin)       Turns: 3851, Time: 00:11:15

Health: -2/50      AC:  1    Str: 11    XL:     7   Next: 52%
Magic:  7/7        EV: 10    Int: 13    God:
Gold:   307        SH:  8    Dex: 15    Spells: 6/6 levels left

rFire    . . .     SeeInvis .   q - +0 war axe
rCold    . . .     Gourm    .   o - +0 shield
rNeg     . . .     Faith    .   (helmet restricted)
rPois    .         Spirit   .   (no amulet)
rElec    .         Reflect  .   (no ring)
rCorr    .         Harm     .   (no ring)
MR       .....                  (no ring)
Stlth    ++++......             (no ring)
HPRegen  0.16/turn              (no ring)
MPRegen  0.10/turn              (no ring)
                                (no ring)
                                (no ring)

@: no status effects
A: almost no armour, stealthy swim, amphibious, 8 rings, constrict 8, camouflage
1, gelatinous body 1
a: no special abilities


You were on level 5 of the Dungeon.
You were not hungry.

You visited 1 branch of the dungeon, and saw 5 of its levels.

You collected 307 gold pieces.

Inventory:

Hand Weapons
 a - a +2 dagger
 b - a +0 blowgun
 g - a +3 short sword of venom
 q - a +0 war axe (weapon)
Missiles
 c - 25 poisoned needles
 d - 2 curare-tipped needles
Armour
 o - a +0 shield (worn)
Wands
 t - a wand of digging (16)
Scrolls
 h - 4 scrolls of amnesia
 k - 2 scrolls of remove curse
 n - a scroll of magic mapping
 s - a scroll of blinking
 u - a scroll of enchant weapon
Potions
 e - a potion of cancellation
 i - 2 potions of curing
 j - a potion of degeneration {unknown}
 l - 3 potions of heal wounds
 m - 2 potions of flight {unknown}
 p - a potion of mutation {unknown}
 r - a potion of agility {unknown}
Comestibles
 f - 3 rations


   Skills:
 - Level 5.3 Fighting
 - Level 5.3 Short Blades
 + Level 2.0 Axes
 - Level 2.0 Throwing
 - Level 1.0 Dodging
 - Level 5.3 Stealth
 - Level 2.3 Shields


You had 6 spell levels left.
You didn't know any spells.
Your spell library was empty.

Dungeon Overview and Level Annotations

Branches:
Dungeon (5/15)             Temple (0/1) D:4

Altars:
Fedhas
Kikubaaqudgha
Nemelex Xobeh

Shops:
D:5 (


Innate Abilities, Weirdness & Mutations

You cannot wear most types of armour.
You are very stealthy in the water. (Stealth+)
You are amphibious.
You can wear up to eight rings at the same time.
You can use your tentacles to constrict eight enemies at once.
Your skin changes colour to match your surroundings (Stealth+).
Your rubbery body absorbs attacks. (AC +1, EV +1)


Message History

You are too injured to fight recklessly!
You are too injured to fight recklessly!
You are too injured to fight recklessly!
Your shield prevents you from hitting the gnoll.
You grab the gnoll. You closely miss something.
You constrict the gnoll, but do no damage.
You block the gnoll's attack. Something hits you. Something shocks you.
* * * LOW HITPOINT WARNING * * *
The gnoll barely misses you.
You hit the gnoll. You squeeze the gnoll!
You kill the gnoll!
Your Axes skill increases to level 2!
You hit something. You hit the gnoll. Something hits you.
* * * LOW HITPOINT WARNING * * *
Something shocks you.
* * * LOW HITPOINT WARNING * * *
You block the gnoll's attack. The gnoll hits you with a club.
* * * LOW HITPOINT WARNING * * *
Something hits you.
You die...

#####+#.#<..... #.....
##+#'####### ......
#........... .# .....
#.....###### #.# ...###
#.....# #.# ....# #.....# #.#
###...# #.....# #.#
###...gg#####'#### #.#
#.+...@.+.....###
######.####.#...{.#####...###
..................+ +.....+
######.####.###...#
#...##...#
#.####.###...#####...# ...
##+⌠.⌠#...............# .
#...∩.............(...#
#..⌠.⌠.......⌠...⌠....+
#......#..............#


You could see 2 gnolls.

Vanquished Creatures
  2 ogres (D:4)
  2 scorpions
  A crimson imp (D:5)
  2 hounds (D:5)
  An iguana (D:4)
  An orc wizard (D:3)
  2 worker ants (D:5)
  4 gnolls
  6 adders
  An adder skeleton (D:5)
  A worm (D:3)
  2 dart slugs
  3 leopard geckos (D:2)
  4 orcs (D:3)
  4 ball pythons
  8 giant cockroaches
  8 hobgoblins
  5 bats
  4 frilled lizards
  7 goblins
  13 kobolds
  A quokka skeleton (D:5)
  6 rats
88 creatures vanquished.

Notes
Turn   | Place    | Note
-------+----------+-------------------------------------------
     0 | D:1      | Ijustatesigmund the Octopode Assassin began the quest for
                  | the Orb.
     0 | D:1      | Reached XP level 1. HP: 14/14 MP: 1/1
   188 | D:1      | Reached XP level 2. HP: 12/20 MP: 2/2
   976 | D:1      | Reached XP level 3. HP: 20/25 MP: 3/3
  1139 | D:2      | Found a sparkling altar of Nemelex Xobeh.
  1171 | D:2      | Reached XP level 4. HP: 15/31 MP: 4/4
  1681 | D:2      | Reached XP level 5. HP: 28/37 MP: 5/5
  2390 | D:3      | Reached XP level 6. HP: 44/44 MP: 6/6
  2667 | D:4      | Found a staircase to the Ecumenical Temple.
  3205 | D:4      | Reached skill level 1 in Shields
  3236 | D:4      | Reached skill level 5 in Fighting
  3236 | D:4      | Reached skill level 5 in Short Blades
  3236 | D:4      | Reached XP level 7. HP: 42/50 MP: 7/7
  3266 | D:5      | Entered Level 5 of the Dungeon
  3354 | D:5      | Found an ancient bone altar of Kikubaaqudgha.
  3356 | D:5      | Found a blossoming altar of Fedhas.
  3523 | D:5      | Found Ashrunn's Antique Weapon Boutique.
  3814 | D:5      | Reached skill level 1 in Axes
  3851 | D:5      | HP: 1/50 [gnoll/club (5)]
  3851 | D:5      | Slain by a sky beast

Vault maps used:
D:1:      dpeg_arrival_line_fractal, serial_forest,
          infiniplex_forest_clump_curved, infiniplex_forest_clump_double,
          infiniplex_forest_fountain, infiniplex_forest_corner_2,
          infiniplex_forest_clump_cross, infiniplex_forest_lined_room_,
          infiniplex_forest_lined_2, infiniplex_forest_clump_long,
          infiniplex_forest_clump_long
D:2:      nemelex_lonely_heart_becter
D:4:      temple_doors_cd, first_ration
D:5:      grunt_temple_overflow_growth_and_decay, serial_curves, eino_curves_01,
          eino_curves_03, serial_shops, shop_fountains, grunt_ministairs_2,
          hangedman_decor_growths

Skill      XL: |  1  2  3  4  5  6  7 |
---------------+----------------------+-----
Fighting       | 3 4 5 |  5.3
Short Blades   | 3 4 5 |  5.3
Shields        | 1 2 |  2.3
Axes           | 2 |  2.0
Throwing       | |  2.0
Dodging        | |  1.0
Stealth        | |  5.3

Action                   |  1- 3 |  4- 6 |  7- 9 || total
-------------------------+-------+-------+-------++-------
Melee: Dagger            |    11 |       |       ||    11
       Short sword       |    38 |    87 |     8 ||   133
       Constrict         |    16 |    19 |     4 ||    39
       Tentacles         |    12 |    18 |     6 ||    36
       War axe           |       |       |    10 ||    10
  Use: Scroll            |     6 |    10 |       ||    16
       Potion            |       |     1 |       ||     1
 Stab: Sleeping          |     3 |    16 |     5 ||    24
  Eat: Chunk             |     1 |     2 |     1 ||     4
       Ration            |       |     1 |     1 ||     2
Armor: Skin              |     9 |     2 |     1 ||    12
Dodge: Dodged            |    35 |    38 |    10 ||    83
Block: Shield            |       |     1 |     3 ||     4

Table legend:
 A = Non-vault XP
 B = Vault XP
 C = Vault XP percentage of total XP
 D = Non-vault monster count
 E = Vault monster count
 F = Vault count percentage of total count
                 A         B        C        D         E       F
            +---------+---------+-------+---------+---------+-------
      Total |     811 |     110 |  11.9 |      86 |       2 |   2.3
            +---------+---------+-------+---------+---------+-------
        D:1 |      34 |       0 |   0.0 |      21 |       0 |   0.0
        D:2 |     213 |       0 |   0.0 |      31 |       0 |   0.0
        D:3 |      86 |       0 |   0.0 |      22 |       0 |   0.0
        D:4 |     297 |       0 |   0.0 |       5 |       0 |   0.0
        D:5 |     181 |     110 |  37.8 |       7 |       2 |  22.2
            +---------+---------+-------+---------+---------+-------
